 Dungeon Crawl Stone Soup version 0.17-a0-764-gd40c196 (console) character file.

262 sose the Poker (level 6, -3/48 HPs)
             Began as a Merfolk Gladiator on Apr 23, 2015.
             Slain by sose's ghost (5 damage)
             ... on level 4 of the Dungeon.
             The game lasted 00:07:59 (3115 turns).

sose the Poker (Merfolk Gladiator)                  Turns: 3115, Time: 00:07:59

Health: -3/48      AC:  4    Str: 15    XL:     6   Next: 18%
Magic:  6/6        EV: 14    Int: 10    God:
Gold:   88         SH:  0    Dex: 14    Spells: 0 memorised, 5 levels left

rFire  . . .     SeeInvis +     a - +0 trident
rCold  . . .     Clarity  .     b - +0 leather armour
rNeg   . . .     SustAb   .     (no shield)
rPois  .         Gourm    .     o - +0 helmet (curse)
rElec  .         Spirit   .     (no cloak)
rCorr  .         Warding  .     (no gloves)
rMut   .         Stasis   .     (no boots)
MR     .....                    (no amulet)
Stlth  +.........               (no ring)
                                k - ring of see invisible

@: not resistant to hostile enchantments, very unstealthy
A: change form in water, swift swim
a: no special abilities


You were on level 4 of the Dungeon.
You were not hungry.

You visited 1 branch of the dungeon, and saw 4 of its levels.

You collected 88 gold pieces.

Inventory:

Hand weapons
 a - a +0 trident (weapon)
Missiles
 d - a throwing net (quivered)
Armour
 b - a +0 leather armour (worn)
 h - a +2 chain mail of fire resistance
 o - a cursed +0 helmet (worn)
Jewellery
 c - an uncursed ring of wizardry {unknown}
 k - a ring of see invisible (left hand)
Magical devices
 w - a wand of confusion (31)
 x - a wand of frost (33)
Scrolls
 f - 2 scrolls of enchant weapon {unknown}
 j - 4 scrolls of identify {unknown}
 l - a scroll of enchant armour {unknown}
 m - a scroll of random uselessness {unknown}
 n - a scroll of noise {unknown}
 t - a scroll of recharging {unknown}
 y - a scroll of magic mapping {unknown}
 z - 2 scrolls of teleportation {unknown}
Potions
 g - a potion of resistance {unknown}
 p - a potion of haste {unknown}
 r - a potion of lignification {unknown}
 v - a potion of cancellation {unknown}
 A - a potion of curing {unknown}
Comestibles
 e - 2 bread rations
 i - a beef jerky
 q - 2 fruits
 s - a meat ration


   Skills:
 + Level 3.8 Fighting
 * Level 7.7 Polearms
 - Level 2.0 Throwing
 + Level 5.4 Dodging


You had 5 spell levels left.
You didn't know any spells.

Dungeon Overview and Level Annotations

Branches:
Dungeon (4/15)
 Temple: D:4-7

Altars:
Elyvilon
Gozag
Nemelex Xobeh

Annotations:
D:4 sose's ghost, average MfGl


Message History

Sose's ghost hits you but does no damage.
You miss sose's ghost.
Sose's ghost is moderately damaged.
Sose's ghost hits you.
You closely miss sose's ghost.
Sose's ghost is lightly damaged.
Sose's ghost hits you!
* * * LOW HITPOINT WARNING * * *
You see here 2 throwing nets.
d - 2 throwing nets Sose's ghost hits you!
* * * LOW HITPOINT WARNING * * *
Unknown command.
Throwing (i - inventory):
d - 2 throwing nets (quivered)
Press: ? - help, Shift-Dir - straight line, f/p - sose's ghost
Aim: sose's ghost (lightly damaged)
You throw a throwing net.
The throwing net closely misses sose's ghost.
Sose's ghost hits you.
You die...

#.##.# #.##.#
#.##.# #.##.#
####.##.#
#<......#
#.##.#######
#.#........######
#.#..##@W......(#
.....##.##.####.#
##.......##.# #.#
#.##.#####.# #.#
...##.# ##.## #.#
#.##.# #...# #.#
#.####...###.# .
#.......#.#
............#


You could see sose's ghost.

Vanquished Creatures
  A giant frog skeleton (D:3)
  An orc wizard (D:3)
  A worker ant (D:4)
  Robin (D:1)
  4 gnolls (D:2)
  5 adders
  2 worms (D:2)
  4 giant geckos
  4 orcs (D:3)
  8 bats
  6 giant cockroaches
  14 goblins
  5 hobgoblins
  6 jackals
  2 quokkas (D:3)
  2 ball pythons
  4 giant newts
  8 kobolds
  6 rats
84 creatures vanquished.

Vanquished Creatures (others)
  A goblin (D:2)
  A quokka (D:2)
2 creatures vanquished.

Grand Total: 86 creatures vanquished

Notes
Turn   | Place    | Note
--------------------------------------------------------------
     0 | D:1      | sose, the Merfolk Gladiator, began the quest for the Orb.
     0 | D:1      | Reached XP level 1. HP: 16/16 MP: 1/1
   135 | D:1      | Reached XP level 2. HP: 20/23 MP: 2/2
   243 | D:1      | Reached skill level 5 in Polearms
   696 | D:2      | Found a white marble altar of Elyvilon.
   711 | D:2      | Reached XP level 3. HP: 23/28 MP: 3/3
   881 | D:2      | Noticed Robin
  1235 | D:1      | Killed Robin
  1613 | D:2      | Reached skill level 6 in Polearms
  1631 | D:2      | Reached XP level 4. HP: 23/34 MP: 4/4
  2116 | D:2      | Found an opulent altar of Gozag.
  2116 | D:2      | Found a sparkling altar of Nemelex Xobeh.
  2166 | D:2      | Reached XP level 5. HP: 38/41 MP: 5/5
  2184 | D:2      | Reached skill level 7 in Polearms
  2523 | D:3      | Reached skill level 5 in Dodging
  2729 | D:3      | Reached XP level 6. HP: 48/48 MP: 6/6
  3073 | D:4      | Noticed sose's ghost (average MfGl)
  3114 | D:4      | HP: 2/48 [sose's ghost (10)]
  3115 | D:4      | Slain by sose's ghost

Action                   |  1- 3 |  4- 6 || total
-------------------------+-------+-------++-------
Melee: Trident           |   132 |   193 ||   325
Throw: Throwing net      |       |     4 ||     4
  Eat: Chunk             |     2 |     2 ||     4
       Fruit             |       |     1 ||     1
       Bread ration      |       |     1 ||     1
